AoeStats
← _The_Lion

Nomad

505588831Analyzed
4v4 RM · 23d ago on Sep 10, 2026· 49m 28s· 8 players
Game mode
Random Map
Map size
231×231
Population
200
Speed
Normal
Resources
Standard
Victory
Conquest
Starting age
Dark Age
Ending age
Imperial Age
RankedLock teamsTeams togetherTeam positionsShared explorationLock speedFull tech treeHidden civsTurbo modeCheats
Victory
Defeat
🇺🇸 Dravidians · United States
1553
+9
🇺🇸 Vikings · United States
1540
+9
🇺🇸 Persians · United States
1416
+14
🇨🇦 Spanish · Canada
1333
+16
🇹🇼 Celts · Taiwan
1456
-15
🇨🇦 Spanish · Canada
1393
-13
🇨🇳 Maya · China
1321
-10
🇭🇺 Turks · Hungary
1320
-10
_The_Lion
6:49 Loom
14:03 Feudal Age
18:46 Castle Age
17:57 Gold Mining
19:37 Fletching
38:06 Wheelbarrow
38:15 Horse Collar
38:23 Double-Bit Axe
42:11 Bow Saw
42:09 Heavy Plow
45:21 Hand Cart
44:52 Town Watch
46:50 Bloodlines
46:40 Husbandry
50:34 Imperial Age
C.A | Sagittis Hungarorum
13:09 Feudal Age
14:58 Loom
17:42 Castle Age
19:45 Double-Bit Axe
21:51 Town Watch
30:40 Fletching
33:42 Wheelbarrow
39:03 Forging
39:38 Bloodlines
40:16 Husbandry
41:41 Gold Mining
46:00 Hand Cart
46:21 Bow Saw
45:54 Horse Collar
46:40 Heavy Plow
48:17 Stone Mining
JINJIN
3:59 Loom
13:00 Feudal Age
19:20 Castle Age
20:32 Double-Bit Axe
27:26 Wheelbarrow
26:31 Horse Collar
28:11 Bow Saw
30:02 Gold Mining
35:10 Gold Shaft Mining
34:44 Fishing Lines
35:32 Stone Mining
35:45 Heavy Plow
39:28 Hand Cart
40:06 Ballistics
42:51 Imperial Age
40:21 Pikeman
42:55 Heavy Scorpion
43:27 Halberdier
45:21 Furor Celtica
45:05 Capped Ram
46:31 Siege Ram
凯里小风风
4:30 Loom
14:01 Feudal Age
18:03 Castle Age
16:21 Double-Bit Axe
16:40 Horse Collar
17:16 Town Watch
19:02 Medium Warships
20:31 Bow Saw
22:17 Wheelbarrow
21:52 Gold Mining
22:08 Stone Mining
23:40 Heavy Plow
31:39 Imperial Age
29:45 Scale Mail Armor
29:55 Forging
29:41 Eagle Warrior
30:51 Chain Mail Armor
31:23 Squires
33:36 Two-Man Saw
33:17 Crop Rotation
34:02 Hand Cart
35:12 Plate Mail Armor
34:51 Elite Eagle Warrior
36:45 Iron Casting
37:41 Conscription
38:13 Holcans
39:49 Blast Furnace
39:30 Holcans
38:52 Fletching
39:09 Arson
39:31 Padded Archer Armor
41:42 Coinage
41:56 Bodkin Arrow
43:09 Leather Archer Armor
45:28 Bracer
45:43 Pikeman
47:28 Ring Archer Armor
pNaStY- oG.
2:52 Loom
13:57 Feudal Age
17:38 Castle Age
15:45 Stone Mining
17:22 Double-Bit Axe
19:17 Fletching
23:14 Bodkin Arrow
23:06 Town Watch
28:16 Horse Collar
39:48 Scale Mail Armor
39:59 Forging
40:05 Heavy Plow
40:45 Squires
41:53 Bow Saw
41:59 Gold Mining
43:42 Gold Shaft Mining
43:35 Chain Mail Armor
46:29 Iron Casting
45:54 Arson
47:50 Chieftains
DarkAgeBoomer
9:41 Loom
13:54 Feudal Age
18:51 Castle Age
16:46 Double-Bit Axe
17:25 Gold Mining
18:04 Horse Collar
20:39 Bow Saw
20:52 Heavy Plow
23:46 Town Watch
25:19 Wheelbarrow
26:48 Forging
28:16 Fishing Lines
30:52 Scale Barding Armor
31:36 Bloodlines
31:48 Stone Mining
32:41 Gillnets
35:05 Husbandry
36:21 Gold Shaft Mining
36:28 Stone Shaft Mining
39:36 Imperial Age
39:43 Hand Cart
39:55 Cavalier
40:56 Chain Barding Armor
41:12 Iron Casting
41:06 Conscription
42:51 Citadels
42:08 Capped Ram
42:39 Savar
44:05 Pikeman
44:45 Squires
44:30 Arson
45:21 Siege Ram
Vingtor
6:21 Loom
11:53 Feudal Age
13:53 Fletching
20:40 Castle Age
19:58 Fishing Lines
20:58 Double-Bit Axe
21:46 Gold Mining
22:40 Gillnets
24:23 Bodkin Arrow
28:03 Wheelbarrow
27:14 Town Watch
35:55 Imperial Age
36:59 Bracer
41:35 Chemistry
41:08 Hand Cart
42:02 Ballistics
46:01 Masonry
CSA_HW_Mercer
7:36 Loom
13:21 Feudal Age
19:46 Castle Age
18:59 Double-Bit Axe
26:26 Wheelbarrow
27:09 Gold Mining
27:51 Padded Archer Armor
34:33 Bloodlines
37:30 Imperial Age
35:01 Town Watch
35:31 Husbandry
38:38 Conscription
40:55 Elite Conquistador
44:11 Horse Collar
44:52 Leather Archer Armor
45:50 Hand Cart
45:52 Light Cavalry
47:02 Hussar
Connection lost

Rejoining the realm…

Still unreachable

The connection could not be restored.

Session expired

The server has moved on; the page needs a fresh start.